 Dungeon Sprint DCSS version 0.30-a0-459-g9104f0fc43 (webtiles) character file.

Game seed: 17719487588087593587

198925 rocky1 the Conqueror (level 18, -2/236 HPs)
             Began as an Ogre Gladiator on Dec 15, 2022.
             Was the Champion of Cheibriados.
             Slain by an ancient lich (5 damage)
             ... while petrified by an ancient lich
             ... in the Dungeon (Sprint VII: "The Pits") on Dec 16, 2022.
             The game lasted 00:47:21 (11138 turns).

rocky1 the Conqueror (Ogre Gladiator)              Turns: 11138, Time: 00:47:21

Health: -2/236     AC: 29    Str: 48    XL:     18   Next: 46%
Magic:  22/43      EV:  1    Int: 26    God:    Cheibriados [******]
Gold:   156        SH:  0    Dex: 25    Spells: 34/60 levels left

rFire   + + .      SeeInvis +    s - +4 battleaxe (flame)
rCold   + + .      Faith    .    (shield currently unavailable)
rNeg    + + +      Spirit   .    E - +10 gold dragon scales
rPois   ∞          Reflect  .    i - +2 hood of the Assassin {Detection Stab+ Stlth++}
rElec   +          Harm     .    h - +1 cloak of the Yeti {Slay+2}
rCorr   .          Rampage  .    (gloves unavailable)
Will    +....      NoTele   +    (boots unavailable)
Stlth   ++........               O - amulet "Yghiaffo" {rN+ Regen+ Dex+3}
HPRegen 1.39/turn                x - ring of Uskayaw's Benevolence {rElec rPois rF+ Dex-3 SInv}
MPRegen 0.28/turn                N - ring "Ubaopt" {EV+4 Str+6 Slay+5}

@: petrified, corroded, studying Fighting, very slow
A: large, unfitting armour, tough skin 1, talons 1, cold resistance 1, sturdy
frame 1
}: 1/3 runes: silver
a: Renounce Religion, Bend Time, Temporal Distortion, Slouch, Step From Time


You were in the Dungeon.
You worshipped Cheibriados.
Cheibriados was exalted by your worship.
You visited 1 branch You collected 156 gold pieces.

Inventory:

Hand Weapons
 q - the +9 broad axe of Deformation {vamp, rF+ rCorr}
   (You found it in the Dungeon)

   It occasionally heals its wielder for a portion of the damage dealt when it
   wounds a living foe.
   rF:        It protects you from fire.
   rCorr:     It protects you from acid and corrosion.
 s - a +4 battleaxe of flaming (weapon)
 C - a +3 vampiric battleaxe
 M - the +7 sceptre of Torment {pain, torment}
   (You took it off a vampire knight in the Dungeon)

   In the hands of one skilled in necromantic magic, it inflicts extra damage on
   living creatures.
   It occasionally torments all nearby living foes when it strikes in combat.
Missiles
 d - a throwing net
 n - 7 large rocks (quivered)
 J - 4 javelins
Armour
 a - a +5 tower shield
 h - the +1 cloak of the Yeti (worn) {Slay+2}
   (You found it in the Dungeon)

   Slay:      It affects your accuracy & damage with ranged weapons and melee
   (+2).
 i - the +2 hood of the Assassin (worn) {Detection Stab+ Stlth++}
   (You found it in the Dungeon)

   It allows the wearer to sense nearby creatures.
   It allows the wearer to make particularly effective stabbing attacks against
   helpless or unaware enemies with any weapon.
   Stlth:     It makes you much more stealthy.
 w - the +4 tower shield of Bad Feelings {rCorr Int-2 Slay+3 SInv}
   (You took it off a daeva in the Dungeon)

   Int:       It affects your intelligence (-2).
   Slay:      It affects your accuracy & damage with ranged weapons and melee
   (+3).
   SInv:      It lets you see invisible.
   rCorr:     It protects you from acid and corrosion.
 E - +10 gold dragon scales (worn)
Jewellery
 c - the ring "Jodooga" {Fire Slay+3}
   (You found it in the Dungeon)

   [ring of fire]

   It enhances your fire magic.
   Slay:      It affects your accuracy & damage with ranged weapons and melee
   (+3).
   rF:        It protects you from fire.
   rC:        It makes you vulnerable to cold.
 o - the ring of Mucetu {rElec EV+4 Str+4}
   (You found it in the Dungeon)

   [ring of evasion]

   EV:        It affects your evasion (+4).
   Str:       It affects your strength (+4).
   rElec:     It insulates you from electricity.
 r - the amulet of Ewupefij {Faith SInv}
   (You found it in the Dungeon)

   [amulet of faith]

   It allows you to gain divine favour quickly.
   SInv:      It lets you see invisible.
 x - the ring of Uskayaw's Benevolence (left hand) {rElec rPois rF+ Dex-3 SInv}
   (You found it in the Dungeon)

   [ring of see invisible]

   Dex:       It affects your dexterity (-3).
   rF:        It protects you from fire.
   rElec:     It insulates you from electricity.
   rPois:     It protects you from poison.
   SInv:      It lets you see invisible.
 B - the ring "Fameasm" {rC- rN++ rCorr MP+9 Str-2 Dex+2}
   (You took it off Margery in the Dungeon)

   [ring of magical power]

   Str:       It affects your strength (-2).
   Dex:       It affects your dexterity (+2).
   rC:        It makes you vulnerable to cold.
   rN:        It greatly protects you from negative energy.
   MP:        It affects your magic capacity (+9).
   rCorr:     It protects you from acid and corrosion.
 F - the ring of the Median {Str+6 SInv}
   (You took it off Nikola in the Dungeon)

   [ring of strength]

   Str:       It affects your strength (+6).
   SInv:      It lets you see invisible.
 G - the ring "Namaj" {rElec rF+ rCorr Slay+3}
   (You took it off an angel in the Dungeon)

   [ring of resist corrosion]

   Slay:      It affects your accuracy & damage with ranged weapons and melee
   (+3).
   rF:        It protects you from fire.
   rElec:     It insulates you from electricity.
   rCorr:     It protects you from acid and corrosion.
 H - the ring of Rotazux {rF+ Slay+3}
   (You found it in the Dungeon)

   [ring of protection from fire]

   Slay:      It affects your accuracy & damage with ranged weapons and melee
   (+3).
   rF:        It protects you from fire.
 K - the ring "Emme" {Wiz rPois rF+ rC+}
   (You found it in the Dungeon)

   [ring of wizardry]

   It improves your spell success rate.
   rF:        It protects you from fire.
   rC:        It protects you from cold.
   rPois:     It protects you from poison.
 N - the ring "Ubaopt" (right hand) {EV+4 Str+6 Slay+5}
   (You found it in the Dungeon)

   [ring of evasion]

   EV:        It affects your evasion (+4).
   Str:       It affects your strength (+6).
   Slay:      It affects your accuracy & damage with ranged weapons and melee
   (+5).
 O - the amulet "Yghiaffo" (around neck) {rN+ Regen+ Dex+3}
   (You found it in the Dungeon)

   [amulet of regeneration]

   Dex:       It affects your dexterity (+3).
   rN:        It protects you from negative energy.
   Regen:     It increases your rate of health regeneration.
Wands
 j - a wand of iceblast (5)
 v - a wand of polymorph (16)
Scrolls
 m - 5 scrolls of amnesia
 p - 5 scrolls of enchant armour
 y - 3 scrolls of fog
 A - 6 scrolls of fear
 Q - a scroll of poison
 S - a scroll of butterflies
Potions
 e - 5 potions of magic
 f - 4 potions of curing
 g - 22 potions of heal wounds
 k - 5 potions of brilliance
 l - 2 potions of invisibility
 t - 3 potions of mutation
 u - 2 potions of might
 z - 2 potions of resistance
 D - 2 potions of berserk rage
 I - a potion of cancellation {unknown}
Miscellaneous
 b - a lightning rod (4/4)
 L - a condenser vane


   Skills:
 O Level 27 Fighting
 O Level 27 Axes
 - Level 15.0 Throwing
 + Level 17.0 Armour
 + Level 21.7 Dodging
 + Level 13.9 Stealth
 + Level 10.6 Shields
 + Level 21.6 Spellcasting
 + Level 13.2 Conjurations
 - Level 6.1 Translocations
 + Level 13.2 Fire Magic
 - Level 17.0 Invocations
 - Level 10.5 Evocations


You had 34 spell levels left.
You knew the following spells:

 Your Spells              Type           Power      Damage    Failure   Level
a - Fire Storm            Conj/Fire      38%        8d10      100%        9
b - Blink                 Tloc           100%       N/A       1%          2
c - Ignition              Fire           38%        3d11      85%         8
d - Confusing Touch       Hex            28%        N/A       17%         3
e - Manifold Assault      Tloc           56%        N/A       4%          4

Your spell library contained the following spells:

 Spells                   Type           Power      Damage    Failure   Level
 Foxfire                  Conj/Fire      100%       2x1d9     1%          1
 Kiss of Death            Conj/Necr      100%       2d13      1%          1
 Dazzling Flash           Conj/Hex       100%       N/A       1%          3
 Inner Flame              Hex/Fire       58%        N/A       1%          3
 Kindle Blastsparks       Fire/Tloc/Air  100%       2d18      1%          3
 Flame Wave               Conj/Fire      77%        2d17      1%          4
 Iskenderun's Mystic Bla  Conj/Tloc      67%        2d14      1%          4
 Sticky Flame             Conj/Fire      77%        2d9       1%          4
 Ignite Poison            Fire/Tmut/Pois 50%        N/A       2%          3
 Mephitic Cloud           Conj/Pois/Air  50%        N/A       2%          3
 Fulminant Prism          Conj/Hex       29%        3d14      3%          4
 Beastly Appendage        Tmut           56%        N/A       5%          1
 Slow                     Hex            100%       N/A       5%          1
 Sting                    Tmut/Pois      100%       1d8       5%          1
 Summon Small Mammal      Summ           100%       N/A       5%          1
 Cigotuvi's Dreadful Rot  Necr/Pois/Air  56%        N/A       9%          2
 Ensorcelled Hibernation  Hex/Ice        56%        N/A       9%          2
 Poisonous Vapours        Pois/Air       56%        N/A       9%          2
 Wereblood                Tmut           28%        N/A       9%          2
 Arcjolt                  Conj/Air       29%        1d39      10%         5
 Call Canine Familiar     Summ           28%        N/A       17%         3
 Ozocubu's Armour         Ice            28%        N/A       17%         3
 Spider Form              Tmut/Pois      28%        N/A       17%         3
 Summon Guardian Golem    Hex/Summ       28%        N/A       17%         3
 Vampiric Draining        Necr           28%        2d8       17%         3
 Orb of Destruction       Conj           38%        9d11      21%         7
 Freezing Cloud           Conj/Ice/Air   25%        6-21      26%         5
 Summon Forest            Summ/Tloc      21%        N/A       41%         5
 Anguish                  Hex/Necr       14%        N/A       50%         4
 Dispel Undead            Necr           28%        3d13      50%         4
 Leda's Liquefaction      Hex/Erth       14%        N/A       50%         4
 Olgreb's Toxic Radiance  Pois           28%        N/A       50%         4
 Petrify                  Tmut/Erth      28%        N/A       50%         4
 Summon Lightning Spire   Summ/Air       28%        N/A       50%         4
 Agony                    Necr           28%        N/A       83%         5
 Alistair's Intoxication  Tmut/Pois      18%        N/A       83%         5
 Lee's Rapid Deconstruct  Erth           14%        3d9*      83%         5
 Metabolic Englaciation   Hex/Ice        14%        N/A       83%         5
 Silence                  Hex/Air        14%        N/A       83%         5
 Spellforged Servitor     Conj/Summ      29%        N/A       97%         7
 Eringya's Noxious Bog    Tmut/Pois      14%        N/A       100%        6
 Simulacrum               Ice/Necr       14%        N/A       100%        6
 Statue Form              Tmut/Erth      18%        N/A       100%        6
 Ozocubu's Refrigeration  Ice            14%        4d10      100%        7
 Storm Form               Tmut/Air       14%        N/A       100%        7
 Summon Hydra             Summ           14%        N/A       100%        7
 Maxwell's Capacitive Co  Air            14%        ∞         100%        8
 Chain Lightning          Conj/Air       29%        3d38      100%        9
 Polar Vortex             Ice            14%        N/A       100%        9
 Shatter                  Erth           14%        3d14*     100%        9


Dungeon Overview and Level Annotations

Branches:
Dungeon (1/1)

Altars:
Ashenzari
Cheibriados
Dithmenos
Elyvilon
Fedhas
Gozag
Hepliaklqana
Kikubaaqudgha
Makhleb
Nemelex Xobeh
Okawaru
Qazlal
Ru
Sif Muna
Trog
Uskayaw
Vehumet
Wu Jian
Xom
Yredelemnul
Zin
The Shining One
Jiyva
Lugonu

Annotations:
D Antaeus, Lom Lobon


Innate Abilities, Weirdness & Mutations

You are too large for most types of armour.
You have tough skin. (AC +1)
You have sharp toenails.
Your flesh is cold resistant. (rC+)
Your movements are slightly less encumbered by armour. (ER -2)


Message History

You can feel time thicken for a moment.
You destroy the ball python skeleton!
Cheibriados appreciates the change of pace.
Unknown command.
The ancient lich casts a spell at you. The crystal spear misses you.
A bat skeleton comes into view.
The royal mummy mumbles some strange words.
The skeletal warrior misses you. The ancient lich casts a spell at you.
You are slowing down.
The skeletal warrior closely misses you.
Your limbs are stiffening.
There is an open door, spattered with blood here.
You feel much better. The ancient lich casts a spell at you.
The crystal spear hits you!!!
* * * LOW HITPOINT WARNING * * *
The ancient lich points at you and mumbles some strange words.
The bolt of acid hits you!!
* * * LOW HITPOINT WARNING * * *
The acid corrodes you!
The skeletal warrior hits you but does no damage.
You have turned to stone.
The death scarab's many legs skitter faintly.
The ancient lich casts a spell at you.
You barely resist.
The skeletal warrior hits you but does no damage.
The ancient lich touches you but does no damage.
The ancient lich casts a spell at you. The bolt of acid hits you!!!!
* * * LOW HITPOINT WARNING * * *
The acid corrodes you!
The royal mummy casts a spell.
The skeletal warrior hits you from afar with a +0 trident.
* * * LOW HITPOINT WARNING * * *
The ancient lich touches you but does no damage.
The skeletal warrior hits you but does no damage.
The ancient lich touches you!
You die...

****#######'######
,,,,........{{...#
,,,,.....Z..{..sB#
****############Z#
***************#M#
+,,,,,,,,,,,,,*#n#
*,,,,,,,,,,,,,*#z#
***************#L#
,*,+,+,*,**+{* #@#
+*+*+*+*+*,*** #)#
,+,+,+,+,+*+,**#'#
***********,{,*#.#
,+,+,*,+,***,**#'#
+***+***+*,*+* #.#
,+**,+*+,+*+{* #'#
**,***,***,*** #.#
,***,***,***,**#)#


You could see a royal mummy, a ghoul, an emperor scorpion (summoned), an ancient
lich (fast, invisible), a skeletal warrior, a death scarab (summoned) and a bat
skeleton.

Vanquished Creatures
  Dissolution (D)
  2 ancient liches (D)
  Mara (D)
  2 royal mummies (D)
  Margery (D)
  Saint Roka (D)
  Frederick (D)
  Xtahua (D)
  2 curse toes (D)
  A golden dragon (D)
  Nikola (D)
  Jory (D)
  A pandemonium lord (D)
  A pearl dragon (D)
  Arachne (D)
  3 bone dragons (D)
  A Tzitzimitl (D)
  2 tentacled monstrosities (D)
  An Ice Fiend (D)
  A Hell Sentinel (D)
  2 titans (D)
  2 liches (D)
  A death cob (D)
  A deep elf master archer (D)
  4 sphinxes (D)
  Frances (D)
  2 shadow dragons (D)
  Kirke (D)
  A nagaraja (D)
  3 rockslimes (D)
  A daeva (D)
  2 fire giants (D)
  A draconian scorcher (D)
  An emperor scorpion (D)
  2 frost giants (D)
  A cacodemon (D)
  3 deep elf sorcerers (D)
  Louise (D)
  3 ghouls (D)
  A balrug (D)
  A draconian annihilator (D)
  A spriggan defender (D)
  3 orc warlords (D)
  An angel (D)
  2 green draconians (D)
  A reaper (D)
  2 ophanim (D)
  A stone giant (D)
  3 vampire knights (D)
  3 deep elf demonologists (D)
  3 apis (D)
  2 lorocyprocas (D)
  A red draconian (D)
  A white draconian (D)
  2 deep elf annihilators (D)
  3 dire elephants (D)
  A minotaur (D)
  A purple draconian (D)
  A green death (D)
  2 blizzard demons (D)
  2 ettins (D)
  2 mummy priests (D)
  A fire dragon (D)
  2 ice dragons (D)
  2 deep elf high priests (D)
  2 yaktaur captains (D)
  9 vault guards (D)
  A rakshasa (D)
  A spriggan air mage (D)
  3 hell beasts (D)
  An ogre mage (D)
  12 death yaks (D)
  An alligator (D)
  2 deep troll shamans (D)
  3 death knights (D)
  2 merfolk avatars (D)
  A deep troll earth mage (D)
  2 naga warriors (D)
  2 vampire magi (D)
  2 orc high priests (D)
  A spriggan (D)
  2 deep elf knights (D)
  A soul eater (D)
  A spriggan berserker (D)
  17 hell knights (D)
  A skeletal warrior (D)
  A cherub (D)
  A sixfirhy (D)
  A deep troll (D)
  A spriggan rider (D)
  A sea snake (D)
  A spriggan druid (D)
  3 swamp dragons (D)
  A bog body (D)
  9 wizards (D)
  11 necromancers (D)
  12 orc knights (D)
  A phantasmal warrior (D)
  4 harpies (D)
  A wolf spider (D)
  2 deep elf pyromancers (D)
  An ugly thing (D)
  A cyclops (D)
  A harpy (shapeshifter) (D)
  3 manticores (D)
  An elephant (D)
  An orange demon (D)
  A naga mage (D)
  3 smoke demons (D)
  A molten gargoyle (D)
  2 guardian serpents (D)
  A cane toad (D)
  A rime drake (D)
  A tormentor (D)
  2 unseen horrors (D)
  A hellion (D)
  2 ice devils (D)
  A freezing wraith (D)
  3 hellwings (D)
  A guardian mummy (D)
  A merfolk (D)
  2 trolls (D)
  A polar bear (D)
  2 tyrant leeches (D)
  2 hornets (D)
  2 tarantellas (D)
  4 slime creatures (D)
  A wind drake (D)
  A flying skull (D)
  A jumping spider (D)
  A vampire (D)
  2 air elementals (D)
  A wraith (D)
  A fire elemental (D)
  A shadow (D)
  13 humans (D)
  8 yaks (D)
  2 basilisks (D)
  2 chaos spawn (D)
  A steam dragon (D)
  A warg (D)
  3 large abominations (D)
  10 orc warriors (D)
  A swamp drake (D)
  2 black bears (D)
  2 ice beasts (D)
  8 wolves (D)
  A phantom (D)
  3 small abominations (D)
  A kobold brigand (D)
  A bullfrog (D)
  A scorpion (D)
  A quasit (D)
  An iron imp (D)
  6 orc priests (D)
  3 orc wizards (D)
  4 gnolls (D)
  An adder zombie (D)
  An adder skeleton (D)
  An adder simulacrum (D)
  15 orcs (D)
  2 hobgoblins (D)
  8 jackals (D)
  A quokka (D)
  A ball python (D)
  3 ball python skeletons (D)
  2 ball python zombies (D)
  2 bats (D)
  2 giant cockroach simulacra (D)
  A giant cockroach zombie (D)
  A rat (D)
388 creatures vanquished.

Vanquished Creatures (others)
  A deep elf master archer (D)
  A quicksilver dragon (D)
  A blizzard demon (D)
  3 hell knights (D)
  A wizard (D)
  A human (D)
  A necrophage (D)
9 creatures vanquished.

Grand Total: 397 creatures vanquished

Notes
Turn   | Place    | Note
-------+----------+-------------------------------------------
     0 | D        | rocky1 the Ogre Gladiator began the quest for the Orb.
     0 | D        | Reached XP level 1. HP: 22/22 MP: 1/1
    16 | D        | Found a bloodstained altar of Trog.
    16 | D        | Found a shimmering blue altar of Sif Muna.
    16 | D        | Found a viscous altar of Jiyva.
    16 | D        | Found a hazy altar of Hepliaklqana.
    16 | D        | Found an opulent altar of Gozag.
    17 | D        | Found a glowing golden altar of the Shining One.
    17 | D        | Found a glowing silver altar of Zin.
    17 | D        | Found a basalt altar of Yredelemnul.
    17 | D        | Found a shimmering altar of Xom.
    17 | D        | Found an ornate altar of the Wu Jian Council.
    17 | D        | Found a sacrificial altar of Ru.
    17 | D        | Found a stormy altar of Qazlal.
    17 | D        | Found an iron altar of Okawaru.
    17 | D        | Found a sparkling altar of Nemelex Xobeh.
    17 | D        | Found a burning altar of Makhleb.
    17 | D        | Found a blossoming altar of Fedhas.
    17 | D        | Found a white marble altar of Elyvilon.
    17 | D        | Found a shadowy altar of Dithmenos.
    17 | D        | Found a snail-covered altar of Cheibriados.
    20 | D        | Found a corrupted altar of Lugonu.
    20 | D        | Found a radiant altar of Vehumet.
    21 | D        | Found an ancient bone altar of Kikubaaqudgha.
    21 | D        | Found a hide-covered altar of Uskayaw.
    21 | D        | Found a broken altar of Ashenzari.
    28 | D        | Became a worshipper of Cheibriados the Contemplative
    62 | D        | Noticed a scorpion
    75 | D        | Killed a scorpion
    76 | D        | Reached skill level 5 in Fighting
    76 | D        | Reached XP level 2. HP: 16/35 MP: 2/2
    76 | D        | Reached XP level 3. HP: 19/42 MP: 3/3
    76 | D        | Reached XP level 4. HP: 23/50 MP: 4/4
    79 | D        | Reached * piety under Cheibriados
   271 | D        | Reached ** piety under Cheibriados
   275 | D        | Reached *** piety under Cheibriados
   278 | D        | Reached **** piety under Cheibriados
   482 | D        | Noticed a bullfrog
   482 | D        | Noticed a black bear
   482 | D        | Noticed a black bear
   489 | D        | Killed a bullfrog
   490 | D        | Reached skill level 5 in Dodging
   490 | D        | Reached XP level 5. HP: 50/61 MP: 4/6
   499 | D        | Killed a black bear
   499 | D        | Reached ***** piety under Cheibriados
   500 | D        | Reached XP level 6. HP: 43/72 MP: 4/8
   508 | D        | Killed a black bear
   509 | D        | Reached skill level 5 in Invocations
   661 | D        | Noticed a guardian mummy
   673 | D        | Killed a guardian mummy
   674 | D        | Reached skill level 10 in Axes
   674 | D        | Reached XP level 7. HP: 22/84 MP: 11/11
   975 | D        | Reached ****** piety under Cheibriados
  1089 | D        | Noticed a warg
  1089 | D        | Noticed a wraith
  1091 | D        | Reached skill level 10 in Fighting
  1091 | D        | Killed a warg
  1091 | D        | Killed a wraith
  1092 | D        | Reached XP level 8. HP: 96/96 MP: 1/13
  1313 | D        | Got the +4 quarterstaff of the Onslaught {protect, rElec
                  | rF+++ Dex-2 Stlth+}
  1386 | D        | Noticed a yak
  1386 | D        | Noticed a yak
  1386 | D        | Noticed a yak
  1386 | D        | Noticed a yak
  1386 | D        | Noticed a hellwing
  1389 | D        | Killed a yak
  1389 | D        | Killed a yak
  1390 | D        | Killed a yak
  1390 | D        | Killed a yak
  1398 | D        | Killed a hellwing
  1399 | D        | Reached XP level 9. HP: 84/106 MP: 4/15
  1580 | D        | Noticed a swamp dragon
  1580 | D        | Noticed a hornet
  1580 | D        | Noticed an orc high priest
  1581 | D        | Killed a hornet
  1584 | D        | Noticed an orange demon
  1584 | D        | Killed an orc high priest
  1585 | D        | Killed a swamp dragon
  1586 | D        | Reached skill level 10 in Invocations
  1637 | D        | Noticed a deep elf pyromancer
  1637 | D        | Noticed a manticore
  1637 | D        | Noticed an orc high priest
  1637 | D        | Noticed a troll
  1639 | D        | Killed a troll
  1640 | D        | Reached skill level 15 in Axes
  1640 | D        | Reached skill level 10 in Dodging
  1640 | D        | Reached XP level 10. HP: 120/120 MP: 6/18
  1640 | D        | Killed a manticore
  1640 | D        | Killed an orc high priest
  1640 | D        | Killed a deep elf pyromancer
  1755 | D        | Noticed a manticore
  1760 | D        | Noticed a deep elf pyromancer
  1760 | D        | Noticed a smoke demon
  1761 | D        | Killed a manticore
  1763 | D        | Killed a smoke demon
  1763 | D        | Killed a deep elf pyromancer
  1764 | D        | Reached skill level 15 in Fighting
  2115 | D        | Reached XP level 11. HP: 112/133 MP: 18/20
  2175 | D        | Noticed a spriggan druid
  2180 | D        | Killed a spriggan druid
  2277 | D        | Paralysed by an air elemental for 1 turns
  2546 | D        | Noticed a bog body
  2546 | D        | Noticed a sea snake
  2549 | D        | Killed a bog body
  2550 | D        | Killed a sea snake
  2814 | D        | Reached skill level 1 in Spellcasting
  2850 | D        | Reached skill level 1 in Armour
  2976 | D        | Noticed an emperor scorpion
  2986 | D        | Reached XP level 12. HP: 125/148 MP: 22/22
  2994 | D        | Killed an emperor scorpion
  3671 | D        | Noticed Frances
  3671 | D        | Noticed an apis
  3671 | D        | Noticed a purple draconian
  3671 | D        | Noticed an ettin
  3671 | D        | Noticed a death yak
  3675 | D        | Killed an ettin
  3676 | D        | Reached skill level 1 in Evocations
  3677 | D        | Killed Frances
  3677 | D        | Killed a death yak
  3678 | D        | Reached skill level 5 in Spellcasting
  3679 | D        | Killed a purple draconian
  3681 | D        | Killed an apis
  4088 | D        | Noticed a death yak
  4088 | D        | Noticed a death yak
  4089 | D        | Noticed an orc warlord
  4089 | D        | Noticed an orc warlord
  4099 | D        | Killed a death yak
  4100 | D        | Reached skill level 15 in Invocations
  4105 | D        | Killed an orc warlord
  4238 | D        | Noticed a yaktaur captain
  4244 | D        | Killed a yaktaur captain
  4245 | D        | Reached skill level 5 in Armour
  4256 | D        | Killed an orc warlord
  4257 | D        | Reached XP level 13. HP: 40/161 MP: 24/24
  4609 | D        | Noticed a yaktaur captain
  4619 | D        | Killed a yaktaur captain
  4634 | D        | Reached skill level 5 in Evocations
  5313 | D        | Noticed a blizzard demon
  5322 | D        | Killed a blizzard demon
  5391 | D        | Noticed a vault guard
  5400 | D        | Killed a vault guard
  5667 | D        | Reached skill level 5 in Throwing
  5670 | D        | Killed a lorocyproca
  5991 | D        | Noticed Arachne
  5994 | D        | Noticed an apis
  5997 | D        | Noticed Kirke
  5999 | D        | Killed Arachne
  6009 | D        | Killed Kirke
  6010 | D        | Noticed a vampire knight
  6011 | D        | Killed an apis
  6012 | D        | Reached XP level 14. HP: 125/175 MP: 18/27
  6015 | D        | Noticed Saint Roka
  6031 | D        | Reached skill level 10 in Spellcasting
  6034 | D        | Killed a vampire knight
  6035 | D        | Reached skill level 15 in Dodging
  6035 | D        | Killed Saint Roka
  6234 | D        | Got the ring "Abapesoo" {MP+9 Str+2 SInv}
  6827 | D        | Noticed a stone giant
  6834 | D        | Killed a stone giant
  6898 | D        | Noticed a fire giant
  6899 | D        | Noticed a fire giant
  6901 | D        | Noticed Dissolution
  6903 | D        | Killed a fire giant
  6905 | D        | Killed a fire giant
  6905 | D        | Noticed an orc warlord
  6907 | D        | Noticed a spriggan defender
  6909 | D        | Killed a spriggan defender
  6910 | D        | Reached XP level 15. HP: 153/189 MP: 12/31
  6911 | D        | Killed Dissolution
  6912 | D        | Reached skill level 10 in Throwing
  6912 | D        | Reached skill level 10 in Armour
  6912 | D        | Killed an orc warlord
  7055 | D        | Found the +2 hood of the Assassin {Detection Stab+ Stlth++}
  7197 | D        | Noticed a deep elf sorcerer
  7200 | D        | Killed a deep elf sorcerer
  7201 | D        | Reached skill level 1 in Stealth
  7202 | D        | Noticed Xtahua
  7215 | D        | Paralysed by Xtahua for 3 turns
  7218 | D        | Killed Xtahua
  7436 | D        | Noticed a shadow dragon
  7436 | D        | Noticed a frost giant
  7443 | D        | Killed a frost giant
  7527 | D        | Killed a shadow dragon
  7873 | D        | Noticed a nagaraja
  7874 | D        | Noticed a death cob
  7888 | D        | Killed a death cob
  7889 | D        | Killed a nagaraja
  8378 | D        | Reached skill level 5 in Stealth
  8390 | D        | Reached skill level 15 in Spellcasting
  8465 | D        | Reached XP level 16. HP: 166/209 MP: 35/35
  8474 | D        | Identified the ring "Laot" {rC+ Str+6 Int+2}
  8535 | D        | Noticed Louise
  8545 | D        | Reached skill level 10 in Evocations
  8601 | D        | Killed Louise
  8786 | D        | Got the Exposition on Destructive Cold
  8793 | D        | Got a silver rune of Zot
  8810 | D        | Got the +1 cloak of the Yeti {Slay+2}
  8825 | D        | Got Makhion's Treatise on Generation
  8921 | D        | Learned a level 9 spell: Fire Storm
  8952 | D        | Noticed a titan
  8955 | D        | Killed a titan
  8964 | D        | Noticed a titan
  8966 | D        | Killed a titan
  8967 | D        | Reached skill level 1 in Conjurations
  8967 | D        | Reached skill level 1 in Fire Magic
  8968 | D        | Noticed a golden dragon
  8970 | D        | Killed a golden dragon
  8972 | D        | Noticed a Hell Sentinel
  8974 | D        | Killed a Hell Sentinel
  8976 | D        | Noticed a royal mummy
  8990 | D        | Killed a royal mummy
  9151 | D        | Reached skill level 27 in Fighting
  9152 | D        | Noticed a sphinx
  9160 | D        | Noticed a sphinx
  9160 | D        | Noticed a sphinx
  9165 | D        | Reached skill level 27 in Axes
  9166 | D        | Killed a sphinx
  9166 | D        | Killed a sphinx
  9167 | D        | Reached skill level 5 in Fire Magic
  9168 | D        | Killed a sphinx
  9169 | D        | Reached skill level 5 in Conjurations
  9236 | D        | Noticed a Brimstone Fiend
  9243 | D        | Reached XP level 17. HP: 91/226 MP: 32/38
  9387 | D        | Noticed a sphinx
  9394 | D        | Killed a sphinx
  9395 | D        | Reached skill level 15 in Throwing
  9510 | D        | Got Sif Muna's Almanac of the Pestilent Mountains
  9515 | D        | Got Sif Muna's Meditations on the Polar Wind
  9520 | D        | Got the Almanac of Flames
  9549 | D        | Learned a level 2 spell: Blink
  9558 | D        | Learned a level 8 spell: Ignition
  9562 | D        | Learned a level 3 spell: Confusing Touch
  9567 | D        | Learned a level 4 spell: Manifold Assault
  9604 | D        | Got the ring of Odoips {Fire rN+ Will- Str+6 Stlth+}
  9606 | D        | Got the amulet "Vyozxiph" {Reflect rElec rC+ SH+5}
  9608 | D        | Got the ring of Mucetu {rElec EV+4 Str+4}
  9612 | D        | Got the ring of Ashenzari's Pride {Ice Will+ MP+9}
  9614 | D        | Got the ring of Eramul {Drain Will+ Str+6 Dex+8}
  9616 | D        | Got the ring "Oqiur" {Ice Int+7 Dex+4}
  9618 | D        | Got the ring of Iclomink {Int+6 Dex+2}
  9620 | D        | Got the ring of Uskayaw's Benevolence {rElec rPois rF+
                  | Dex-3 SInv}
  9622 | D        | Got the ring of Waepryuv {Drain rPois rN+ Will+ Dex+2}
  9624 | D        | Got the ring of Xom's Bemusement {rF+ SInv}
  9626 | D        | Got the ring of Rotazux {rF+ Slay+3}
  9628 | D        | Got the ring of Wusulat {Ice Int+4}
  9630 | D        | Got the ring "Emme" {Wiz rPois rF+ rC+}
  9635 | D        | Got the amulet of Layver {Faith Harm Int+4}
  9637 | D        | Got the ring "Ubaopt" {EV+4 Str+6 Slay+5}
  9639 | D        | Got the amulet "Yghiaffo" {rN+ Regen+ Dex+3}
  9641 | D        | Got the ring "Onups" {rN+ Will- Str+6 Dex+3}
  9645 | D        | Got the ring of Nuudim {Int+2 Dex+5 SInv}
  9647 | D        | Got the amulet of Esain {Spirit Dex+2}
  9649 | D        | Got the ring of Voediu {Fly rCorr}
  9651 | D        | Got the amulet "Elinehud" {Reflect Will+ Str+5 SH+5}
  9655 | D        | Got the ring of Neipal {*Corrode rPois rF+ rN+++ Will-}
  9851 | D        | Noticed a pearl dragon
  9851 | D        | Noticed Bobuonyo the pandemonium lord
  9928 | D        | Reached skill level 1 in Translocations
  9942 | D        | Got the +9 broad axe of Deformation {vamp, rF+ rCorr}
  9950 | D        | Noticed a bone dragon
  9960 | D        | Killed a bone dragon
  9983 | D        | Reached skill level 10 in Stealth
 10091 | D        | Noticed a tentacled monstrosity
 10091 | D        | Noticed Frederick
 10098 | D        | Killed a tentacled monstrosity
 10100 | D        | Killed Frederick
 10125 | D        | Noticed a curse toe
 10128 | D        | Killed a curse toe
 10129 | D        | Reached skill level 5 in Translocations
 10145 | D        | Noticed Jory
 10147 | D        | Killed Jory
 10151 | D        | Identified the +4 tower shield of Bad Feelings {rCorr Int-2
                  | Slay+3 SInv}
 10404 | D        | Noticed a curse toe
 10406 | D        | Killed a curse toe
 10407 | D        | Reached skill level 1 in Shields
 10441 | D        | Noticed Antaeus
 10449 | D        | Reached skill level 15 in Armour
 10451 | D        | Noticed a titan
 10454 | D        | Noticed a deep elf master archer
 10456 | D        | Identified the ring "Namaj" {rElec rF+ rCorr Slay+3}
 10456 | D        | Identified the ring "Jodooga" {Fire Slay+3}
 10456 | D        | Identified the ring of the Floral God {rF++ Int-4 SInv}
 10456 | D        | Identified the amulet of Ewupefij {Faith SInv}
 10456 | D        | Noticed Lom Lobon
 10456 | D        | Noticed Nikola
 10457 | D        | Noticed Margery
 10458 | D        | Killed a quicksilver dragon
 10458 | D        | Killed a deep elf master archer
 10458 | D        | Identified the ring "Fameasm" {rC- rN++ rCorr MP+9 Str-2
                  | Dex+2}
 10459 | D        | Gained mutation: You are frail. (-10% HP) [a cacodemon]
 10465 | D        | Identified the ring of the Median {Str+6 SInv}
 10466 | D        | Noticed a tentacled monstrosity
 10466 | D        | Noticed an Ice Fiend
 10475 | D        | Killed Nikola
 10476 | D        | Reached skill level 10 in Conjurations
 10478 | D        | Killed a tentacled monstrosity
 10479 | D        | Reached skill level 10 in Fire Magic
 10481 | D        | Killed an Ice Fiend
 10482 | D        | Killed Margery
 10483 | D        | Reached skill level 5 in Shields
 10515 | D        | Got the amulet of the Trout {Spirit Int+4}
 10586 | D        | Lost mutation: You are frail. (-10% HP) [potion of
                  | mutation]
 10586 | D        | Gained mutation: You are vulnerable to heat. (rF-) [potion
                  | of mutation]
 10586 | D        | Gained mutation: You have sharp toenails. [potion of
                  | mutation]
 10586 | D        | Gained mutation: You possess an exceptional clarity of
                  | mind. [potion of mutation]
 10587 | D        | Lost mutation: You have sharp toenails. [potion of
                  | mutation]
 10587 | D        | Lost mutation: You possess an exceptional clarity of mind.
                  | [potion of mutation]
 10587 | D        | Gained mutation: You are strong-willed. (Will+) [potion of
                  | mutation]
 10587 | D        | Gained mutation: You are dopey. (Int -2) [potion of
                  | mutation]
 10588 | D        | Lost mutation: You are strong-willed. (Will+) [potion of
                  | mutation]
 10588 | D        | Lost mutation: You are dopey. (Int -2) [potion of mutation]
 10588 | D        | Gained mutation: Your skin changes colour to match your
                  | surroundings (Stealth+). [potion of mutation]
 10589 | D        | Lost mutation: You are vulnerable to heat. (rF-) [potion of
                  | mutation]
 10589 | D        | Lost mutation: Your skin changes colour to match your
                  | surroundings (Stealth+). [potion of mutation]
 10589 | D        | Gained mutation: You have sharp toenails. [potion of
                  | mutation]
 10589 | D        | Gained mutation: Your flesh is cold resistant. (rC+)
                  | [potion of mutation]
 10589 | D        | Gained mutation: Your movements are slightly less
                  | encumbered by armour. (ER -2) [potion of mutation]
 10812 | D        | Killed Bobuonyo the pandemonium lord
 10817 | D        | Killed a pearl dragon
 10873 | D        | Reached XP level 18. HP: 236/236 MP: 42/42
 10875 | D        | Noticed a deep elf master archer
 10877 | D        | Killed a deep elf master archer
 10879 | D        | Noticed a Tzitzimitl
 10886 | D        | Killed a Tzitzimitl
 11006 | D        | Noticed Mara
 11014 | D        | Killed Mara
 11051 | D        | Noticed an ancient lich
 11051 | D        | Noticed a royal mummy
 11051 | D        | Noticed an ancient lich
 11051 | D        | Noticed a royal mummy
 11051 | D        | Noticed a lich
 11051 | D        | Noticed a royal mummy
 11051 | D        | Noticed a bone dragon
 11051 | D        | Noticed an ancient lich
 11051 | D        | Noticed a bone dragon
 11061 | D        | Killed an ancient lich
 11065 | D        | Killed a lich
 11073 | D        | Killed an ancient lich
 11077 | D        | Identified the +5 dagger of Tamitret {vorpal, rF+ Will+}
 11092 | D        | Killed a bone dragon
 11094 | D        | Reached skill level 10 in Shields
 11111 | D        | Killed a royal mummy
 11112 | D        | Noticed a lich
 11114 | D        | Noticed a bone dragon
 11119 | D        | Killed a lich
 11126 | D        | Killed a bone dragon
 11127 | D        | Noticed an ancient lich
 11137 | D        | HP: 3/236 [ancient lich/bolt of acid (36)]
 11138 | D        | Slain by an ancient lich

Illustrated notes

Levels and vault maps discovered:
D:        pitsprint [storerooms_1, entrance_room_1, metal_vault_2, armoury_1,
          mini_pit_1, grid_room_1, main_hall_1, silver_pit, the_coven_2,
          the_vestibule_1, steel_vault_1, golden_pit, hallway_of_sentries,
          crystal_vault_6, iron_vault_3, final_vault]

Skill      XL: |  1  2  3  4  5  6  7  8  9 10 11 12 13 14 15 16 17 18 |
---------------+-------------------------------------------------------+-----
Fighting       | 5 6 7 9 10 12 13 15 17 18 20 21 24 27 | 27.0
Axes           | 6 7 8 10 11 13 15 16 18 20 21 23 25 27 | 27.0
Dodging        | 4 5 7 8 10 11 12 13 14 16 17 19 20 21 | 21.7
Invocations    | 2 3 6 7 8 10 12 14 15 16 17 | 17.0
Spellcasting   | 2 7 9 12 15 17 20 21 | 21.6
Armour         | 1 5 7 9 11 13 16 17 | 17.0
Evocations     | 4 6 7 9 10 | 10.5
Throwing       | 6 9 12 14 15 | 15.0
Stealth        | 5 9 12 13 | 13.9
Conjurations   | 6 11 13 | 13.2
Fire Magic     | 6 11 13 | 13.2
Translocations | 6 |  6.1
Shields        | 7 10 | 10.6

Action                   |  1- 3 |  4- 6 |  7- 9 | 10-12 | 13-15 | 16-18 || total
-------------------------+-------+-------+-------+-------+-------+-------++-------
Melee: War axe           |     9 |    18 |       |       |       |       ||    27
       Hand axe          |       |    41 |    12 |       |       |       ||    53
       Punch             |       |     2 |       |       |       |       ||     2
       Broad axe         |       |       |    11 |    98 |    57 |       ||   166
       Battleaxe         |       |       |       |       |   200 |   319 ||   519
       Unarmed           |       |       |       |       |     4 |       ||     4
       Kick              |       |       |       |       |       |    47 ||    47
Throw: Throwing net      |     3 |       |       |       |       |       ||     3
       Dart              |       |       |       |     5 |       |       ||     5
       Large rock        |       |       |       |       |     2 |     3 ||     5
Invok: Slouch            |       |       |     7 |    19 |    50 |    27 ||   103
       Step From Time    |       |       |       |       |       |     2 ||     2
  Use: Potion            |     2 |     2 |     1 |     2 |     9 |    15 ||    31
       Scroll            |       |       |       |     4 |     3 |     5 ||    12
 Stab: Held in net/web   |     1 |       |       |       |       |       ||     1
       Distracted        |       |       |       |       |     1 |       ||     1
       Sleeping          |       |       |       |       |       |    21 ||    21
Armor: Robe              |     3 |    17 |     2 |    21 |     2 |       ||    45
       Swamp dragon scal |       |       |       |       |    32 |    21 ||    53
       Gold dragon scale |       |       |       |       |       |   115 ||   115
       Acid dragon scale |       |       |       |       |       |    11 ||    11
Dodge: Dodged            |     6 |    42 |    15 |   102 |   184 |   272 ||   621
Block: Other             |       |       |       |     3 |    30 |       ||    33
       Reflection        |       |       |       |       |     3 |       ||     3

Table legend: (Time is in decaauts) A = Elapsed time spent in this place. B = Non-inter-level travel time spent in this place. C = Inter-level travel time spent in this place. D = Time resting spent in this place. E = Time spent auto-exploring this place. F = Levels seen in this place. G = Mean time per level. A B C D E F G +--------+--------+--------+--------+--------+-----+--------+ Total | 13226 | 12703 | 523 | 7305 | 0 | 1 | 13226.0 | Dungeon | 13226 | 12703 | 523 | 7305 | 0 | 1 | 13226.0 | +--------+--------+--------+--------+--------+-----+--------+

Top non-repeatable levels by time:
       D: 13226 daAuts
